 Dungeon Crawl Stone Soup version 0.25-a0-420-g1cc7eeb0d1 (webtiles) character file.

Game seed: 7340176611913292874, levelgen mode: deterministic

212 Kisielow the Slasher (level 5, -9/46 HPs)
             Began as a Minotaur Fighter on Jan 18, 2020.
             Mangled by Crazy Yiuf
             ... wielding a +2 quarterstaff of chaos
              (20 damage)
             ... on level 3 of the Dungeon.
             The game lasted 00:04:12 (2105 turns).

Kisielow the Slasher (Minotaur Fighter)             Turns: 2105, Time: 00:04:13

Health: -9/46      AC:  8    Str: 21    XL:     5   Next: 58%
Magic:  4/4        EV:  7    Int:  5    God:
Gold:   171        SH: 10    Dex: 12    Spells: 4/4 levels left

rFire    . . .     SeeInvis .   a - +0 long sword
rCold    + . .     Gourm    .   c - +1 shield
rNeg     . . .     Faith    .   b - +0 scale mail
rPois    .         Spirit   .   (helmet restricted)
rElec    .         Reflect  .   p - +0 cloak
rCorr    .         Harm     .   (no gloves)
MR       .....                  (no boots)
Stlth    ..........             (no amulet)
HPRegen  0.15/turn              n - ring of protection from cold
MPRegen  0.09/turn              m - +2 ring of dexterity

@: no status effects
A: retaliatory headbutt, horns 2
a: no special abilities


You were on level 3 of the Dungeon.
You were not hungry.

You visited 1 branch of the dungeon, and saw 3 of its levels.

You collected 171 gold pieces.

Inventory:

Hand Weapons
 a - a +0 long sword (weapon)
Armour
 b - a +0 scale mail (worn)
 c - a +1 shield (worn)
 p - a +0 cloak (worn)
Jewellery
 m - a +2 ring of dexterity (right hand)
 n - a ring of protection from cold (left hand)
 o - an uncursed ring of wizardry
Scrolls
 e - 3 scrolls of remove curse
 h - 3 scrolls of identify
 i - a scroll of enchant armour
 j - a scroll of enchant weapon {unknown}
Potions
 d - a potion of might
 k - a potion of flight
Comestibles
 f - 9 rations
 g - 6 chunks of flesh


   Skills:
 + Level 3.7 Fighting
 * Level 6.8 Long Blades
 + Level 3.8 Armour
 + Level 3.9 Shields


You had 4 spell levels left.
You didn't know any spells.
Your spell library was empty.

Dungeon Overview and Level Annotations

Branches:
Dungeon (3/15)

Altars:
Hepliaklqana
Vehumet
Wu Jian

Annotations:
D:3 Crazy Yiuf


Innate Abilities, Weirdness & Mutations

You reflexively headbutt those who attack you in melee.
You have a pair of horns on your head.


Message History

There is a large open door here.
Some of the chunks of flesh in your inventory have rotted away.
Found a mace.
Found a runed translucent door.
Crazy Yiuf shouts!
You open the door.
Crazy Yiuf hits you with a +2 quarterstaff of chaos.
Space warps horribly around you!
You hit Crazy Yiuf. Your headbutt misses Crazy Yiuf.
Crazy Yiuf is lightly wounded.
Crazy Yiuf hits you but does no damage.
You hit Crazy Yiuf. Your headbutt misses Crazy Yiuf.
Crazy Yiuf is heavily wounded.
Crazy Yiuf hits you with a +2 quarterstaff of chaos!
Crazy Yiuf freezes you.
You hit Crazy Yiuf.
Crazy Yiuf is heavily wounded.
Crazy Yiuf hits you with a +2 quarterstaff of chaos!
* * * LOW HITPOINT WARNING * * *
You are electrocuted!!
You die...

####.####..# ...........#
#..##.####.# ##.##)####.# #####
##.#.##...# #..)# ##.##.##.###
#...# #..##.##.### ...
.####......# #g# .#######.###
##@# ......##.# #.## .####.##.###
##.# ....#.#....# #.##
.##......### ##.## .####.#.####
#...## ### .####.#.##.# #....#
##.## ......#.##.# #....# ##...##
..#####.##.###....########.....##


You could see Crazy Yiuf.

Vanquished Creatures
  An orc wizard (D:3)
  Terence (D:2)
  5 adders
  2 oozes (D:2)
  2 worms
  A leopard gecko (D:2)
  10 orcs (D:3)
  3 ball pythons
  5 giant cockroaches
  18 goblins
  13 hobgoblins
  A quokka (D:3)
  4 bats
  5 frilled lizards
  4 kobolds
  13 rats
88 creatures vanquished.

Notes
Turn   | Place    | Note
-------+----------+-------------------------------------------
     0 | D:1      | Kisielow the Minotaur Fighter began the quest for the Orb.
     0 | D:1      | Reached XP level 1. HP: 19/19 MP: 0/0
    44 | D:1      | Reached skill level 3 in Long Blades
    67 | D:1      | Reached XP level 2. HP: 23/26 MP: 1/1
   289 | D:1      | Reached skill level 4 in Long Blades
   597 | D:2      | Reached XP level 3. HP: 27/31 MP: 2/2
   756 | D:2      | Reached skill level 5 in Long Blades
   785 | D:2      | Reached XP level 4. HP: 34/39 MP: 3/3
  1398 | D:3      | Noticed Terence
  1420 | D:2      | Reached skill level 6 in Long Blades
  1428 | D:2      | Killed Terence
  1428 | D:2      | Reached XP level 5. HP: 38/46 MP: 4/4
  1511 | D:3      | Found an ornate altar of the Wu Jian Council.
  2052 | D:3      | Found a hazy altar of Hepliaklqana.
  2052 | D:3      | Found a radiant altar of Vehumet.
  2098 | D:3      | Found a runed translucent door.
  2099 | D:3      | Noticed Crazy Yiuf
  2105 | D:3      | Mangled by Crazy Yiuf

Levels and vault maps discovered:
D:1:      co_arrival_square_in_a_square_in_a_square, layout_basic,
          corexii_item_surrounded_by_moat, minmay_pentomino_x2
D:2:      cheibrodos_greedy_goblins, layout_loops_ring, st_stairs_13,
          grunt_ministairs_2
D:3:      layout_loops_cross, lemuel_crystal_altar,
          gammafunk_temple_overflow_wave, uniq_crazy_yiuf_cottage, uniq_terence

Skill      XL: |  1  2  3  4 |
---------------+-------------+-----
Long Blades    | 3 4 5 6 |  6.8
Fighting       | |  3.7
Armour         | |  3.8
Shields        | |  3.9

Action                   |  1- 3 |  4- 6 || total
-------------------------+-------+-------++-------
Melee: Long sword        |    98 |   105 ||   203
       Headbutt          |     9 |    13 ||    22
  Use: Scroll            |     2 |     3 ||     5
  Eat: Chunk             |       |     4 ||     4
Armor: Scale mail        |    43 |    33 ||    76
Dodge: Dodged            |    32 |    23 ||    55
Block: Shield            |    54 |    74 ||   128
       Rpst.: Long sword |     7 |     7 ||    14

Table legend:
 A = Non-vault XP
 B = Vault XP
 C = Vault XP percentage of total XP
 D = Non-vault monster count
 E = Vault monster count
 F = Vault count percentage of total count
                 A         B        C        D         E       F
            +---------+---------+-------+---------+---------+-------
      Total |     232 |      72 |  23.7 |      73 |      15 |  17.0
            +---------+---------+-------+---------+---------+-------
        D:1 |      35 |       1 |   2.8 |      22 |       1 |   4.3
        D:2 |      92 |      71 |  43.6 |      29 |      14 |  32.6
        D:3 |     105 |       0 |   0.0 |      22 |       0 |   0.0
            +---------+---------+-------+---------+---------+-------
